 Dungeon Crawl Stone Soup version bcrawl-1.17.3 (webtiles) character file.

Game seed: 2722772308959185375

1430 Lanoc the Zephyrmancer (level 8, -1/41 HPs)
             Began as an Avariel Air Elementalist on Oct 24, 2019.
             Slain by an iguana (13 damage)
             ... on level 6 of the Dungeon.
             The game lasted 00:11:14 (3839 turns).

Lanoc the Zephyrmancer (Avariel Air Elementalist)   Turns: 3839, Time: 00:11:14

Health: -1/41      AC:  7    Str:  6    XL:     8   Next: 73%
Magic:  5/14       EV: 15    Int: 24    God:
Gold:   227        SH:  0    Dex: 13    Spells: 2/12 levels left

rFire    + . .     SeeInvis .   (no weapon)
rCold    + . .     Gourm    .   (no shield)
rNeg     + . .     Faith    .   b - +2 robe {rC+}
rPois    .         Spirit   .   (no helmet)
rElec    .         Reflect  .   (no cloak)
rCorr    .         Harm     .   (no gloves)
MR       .....                  n - +2 pair of boots
Stlth    ++........             (no amulet)
HPRegen  0.13/turn              j - ring of protection from fire
MPRegen  0.14/turn              f - ring of positive energy

@: no status effects
A: no striking features
a: no special abilities


You were on level 6 of the Dungeon.
You were hungry.

You visited 1 branch of the dungeon, and saw 6 of its levels.

You collected 227 gold pieces.

Inventory:

Armour
 b - a +2 robe of cold resistance (worn)
 n - a +2 pair of boots (worn)
Jewellery
 f - a ring of positive energy (right hand)
 h - an uncursed ring of protection from fire
 j - a ring of protection from fire (left hand)
Wands
 a - a wand of digging (9)
Scrolls
 e - 6 scrolls of identify
 g - 3 scrolls of remove curse {unknown}
 i - 2 scrolls of teleportation {unknown}
 k - a scroll of magic mapping {unknown}
 l - 2 scrolls of fear
 o - a scroll of fog {unknown}
Potions
 c - a potion of flight
 m - 2 potions of brilliance
 p - a potion of cancellation
Comestibles
 d - 7 rations {!d}


   Skills:
 + Level 5.5 Dodging
 - Level 2.1 Stealth
 - Level 2.6 Spellcasting
 * Level 8.7 Conjurations
 * Level 9.5 Air Magic


You had 2 spell levels left.
You knew the following spells:

 Your Spells              Type           Power        Failure   Level  Hunger
a - Shock                 Conj/Air       #####        1%          1    None
b - Airstrike             Air            #####.....   2%          4    ####...
c - Lightning Bolt        Conj/Air       #####.....   7%          5    ######.

Your spell library contained the following spells:

 Spells                   Type           Power        Failure   Level  Hunger
 Magic Dart               Conj           ####         1%          1    None
 Searing Ray              Conj           #####.       1%          2    ##.....
 Swiftness                Chrm/Air       ####....     2%          2    ##.....
 Iskenderun's Mystic Bla  Conj           #####...     1%          3    ###....
 Static Discharge         Air            #####...     1%          3    ###....
 Fulminant Prism          Conj/Hex       ###.......   19%         4    ####...
 Irradiate                Conj/Tmut      ###.......   45%         5    ######.


Dungeon Overview and Level Annotations

Branches:
Dungeon (6/12)
 Temple: D:4-7

Altars:
Yredelemnul


Message History

The iguana is heavily wounded.
The iguana bites you!
Casting: Shock (safe; 1% risk of failure)
Confirm with . or Enter, or press ? or * to list all spells.
Aiming: Shock (safe; 1% risk of failure)
Press: ? - help, Shift-Dir - straight line, f/p - iguana
Aim: an iguana (heavily wounded)
The zap hits the iguana.
The iguana is severely wounded.
The iguana bites you.
* * * LOW HITPOINT WARNING * * *
Casting: Shock (safe; 1% risk of failure)
Confirm with . or Enter, or press ? or * to list all spells.
Aiming: Shock (safe; 1% risk of failure)
Press: ? - help, Shift-Dir - straight line, f/p - iguana
Aim: an iguana (severely wounded)
The zap hits the iguana.
The iguana is severely wounded.
The iguana bites you!
You die...

....<......
#..........
#.%........
#......l...
#######.....O....
#........########
#........#
#.......l#
#.......@#
#........##+##
#######......#
#......# #......+
#...<..# #......#
########


You could see an iguana.

Vanquished Creatures
  Pikel (D:4)
  A phantom (D:5)
  A centaur (D:5)
  3 ogres
  3 crimson imps
  A quasit (D:5)
  A jelly (D:6)
  A hound (D:3)
  A centaur skeleton (D:5)
  An orc priest (D:4)
  2 orc wizards
  4 worker ants
  Natasha (twice) (D:3)
  5 adders
  A shadow imp (D:5)
  An ooze (D:3)
  An adder skeleton (D:2)
  A dart slug (D:1)
  3 leopard geckos
  7 orcs
  2 giant cockroaches
  2 gnoll zombies (D:4)
  5 hobgoblins
  3 kobolds
  3 quokkas
  2 bats
  A jackal skeleton (D:4)
59 creatures vanquished.

Vanquished Creatures (others)
  A slave (D:4)
  An orc (D:4)
2 creatures vanquished.

Grand Total: 61 creatures vanquished

Notes
Turn   | Place    | Note
-------+----------+-------------------------------------------
     0 | D:1      | Lanoc the Avariel Air Elementalist began the quest for the
                  | Orb.
     0 | D:1      | Reached XP level 1. HP: 10/10 MP: 6/6
    97 | D:1      | Reached XP level 2. HP: 15/15 MP: 2/7
   566 | D:3      | Reached XP level 3. HP: 12/19 MP: 5/9
   888 | D:3      | Reached skill level 5 in Air Magic
   940 | D:3      | Reached XP level 4. HP: 24/24 MP: 5/10
  1062 | D:3      | Reached XP level 5. HP: 27/28 MP: 1/11
  1070 | D:3      | Noticed Natasha
  1073 | D:3      | Killed Natasha
  1171 | D:3      | Reached skill level 6 in Air Magic
  1269 | D:3      | Noticed Natasha
  1271 | D:3      | Killed Natasha
  1510 | D:4      | Reached XP level 6. HP: 32/32 MP: 7/12
  1611 | D:4      | Reached skill level 5 in Conjurations
  2062 | D:4      | Found a basalt altar of Yredelemnul.
  2102 | D:4      | Noticed a slave
  2104 | D:4      | Noticed Pikel
  2105 | D:4      | Noticed a slave
  2106 | D:4      | Noticed a slave
  2108 | D:4      | Noticed a slave
  2138 | D:4      | HP: 1/32 [slave[Pikel] (3)]
  2145 | D:4      | Killed Pikel
  2145 | D:4      | Reached skill level 8 in Air Magic
  2145 | D:4      | Reached XP level 7. HP: 2/36 MP: 0/13
  2145 | D:4      | Reached XP level 8. HP: 3/41 MP: 0/14
  2748 | D:5      | Entered Level 5 of the Dungeon
  3052 | D:5      | Learned a level 4 spell: Airstrike
  3058 | D:5      | Learned a level 5 spell: Lightning Bolt
  3172 | D:5      | Reached skill level 5 in Dodging
  3670 | D:5      | Reached skill level 9 in Air Magic
  3839 | D:6      | Slain by an iguana

Skill      XL: |  1  2  3  4  5  6  7  8 |
---------------+-------------------------+-----
Conjurations   | 2 3 4 7 8 |  8.7
Air Magic      | 5 6 8 9 |  9.5
Dodging        | 3 4 5 |  5.5
Stealth        | |  2.1
Spellcasting   | |  2.6

Action                   |  1- 3 |  4- 6 |  7- 9 || total
-------------------------+-------+-------+-------++-------
Melee: Unarmed           |     5 |     1 |     4 ||    10
 Cast: Shock             |    50 |    74 |    56 ||   180
       Lightning Bolt    |       |       |     5 ||     5
  Use: Potion            |       |     5 |     1 ||     6
       Scroll            |       |       |     2 ||     2
  Eat: Chunk             |       |     3 |     3 ||     6
       Ration            |       |       |     1 ||     1
Armor: Robe              |     7 |     4 |    21 ||    32
Dodge: Dodged            |    19 |    23 |    31 ||    73
